 Dungeon Crawl Stone Soup version 0.27-a0-1281-ge233d83751 (webtiles) character file.

Game seed: 4474854012237542540

9906 sanka the Nimble (level 11, -5/85 HPs)
             Began as a Djinni Summoner on June 13, 2021.
             Was a Believer of Makhleb.
             Killed by divine providence
             ... invoked by an orc priest
              (12 damage)
             ... on level 10 of the Dungeon.
             The game lasted 00:35:06 (18074 turns).

sanka the Nimble (Djinni Summoner)                 Turns: 18074, Time: 00:35:06

Health: -5/85      AC: 13    Str:  7    XL:     11   Next: 83%
Gold:   541        EV: 18    Int: 19    God:    Makhleb [**....] SH:  0 Dex: 21

rFire    + + .     SeeInvis .   b - +4 battleaxe
rCold    x . .     Faith    .   (shield currently unavailable)
rNeg     . . .     Spirit   .   W - +0 acid dragon scales
rPois    ∞         Reflect  .   q - +0 helmet
rElec    .         Harm     .   M - +0 cloak
rCorr    +         Rampage  .   x - +0 pair of gloves
Will     +....                  (boots unavailable)
Stlth    ++........             (no amulet)
HPRegen  0.24/turn              L - +6 ring of dexterity
MPRegen  0.00/turn              T - +4 ring of protection

@: flying
A: sickness immunity, fire resistance 2, cold vulnerability 1, float, innate
caster, hp casting, extra vitality 1
a: Renounce Religion, Minor Destruction


You were on level 10 of the Dungeon.
You worshipped Makhleb.
Makhleb was pleased with you.
You visited 2 branches of the dungeon, and saw 11 of its levels.

You collected 541 gold pieces.


Innate Abilities, Weirdness & Mutations

You are immune to sickness and miasma.
You are immune to poison.
Your flesh is very heat resistant. (rF++)
You are vulnerable to cold. (rC-)
You float through the air rather than walking.
You learn spells naturally, not from books.
Your magical power is your life essence.
You have superior vitality. (+4 HP)


   Skills:
 + Level 10.2 Fighting
 + Level 11.3 Dodging
 - Level 1.5 Stealth
 + Level 8.7 Spellcasting


You couldn't memorise any spells.
You knew the following spells:

 Your Spells              Type           Power      Damage    Failure   Level
c - Call Canine Familiar  Summ           41%        N/A       1%          3
i - Conjure Flame         Conj/Fire      41%        6-21      1%          3
o - Stone Arrow           Conj/Erth      82%        3d12      1%          3
q - Dispel Undead         Necr           41%        3d16      4%          4
u - Sting                 Tmut/Pois      100%       1d8       1%          1
v - Summon Ice Beast      Ice/Summ       41%        N/A       4%          4
x - Call Imp              Summ           41%        N/A       1%          2
y - Summon Small Mammal   Summ           100%       N/A       1%          1
z - Poisonous Vapours     Pois/Air       82%        N/A       1%          2
X - Summon Lightning Spi  Summ/Air       41%        N/A       4%          4
Z - Summon Guardian Gole  Hex/Summ       41%        N/A       1%          3
Your spell library was empty.

Inventory:

Hand Weapons
 a - a +3 hunting sling of flaming
 b - a +4 battleaxe (weapon)
 j - a +5 scimitar
 Q - a +0 broad axe
Missiles
 n - 67 poisoned darts
 s - 91 sling bullets
 t - 193 stones
 P - 3 throwing nets {=f}
 R - 8 curare-tipped darts {=f}
Armour
 q - a +0 helmet (worn)
 x - a +0 pair of gloves (worn)
 M - a +0 cloak (worn)
 W - +0 acid dragon scales (worn)
Magical Staves
 B - a staff of cold
 F - a staff of air
Jewellery
 A - a ring of positive energy
 L - a +6 ring of dexterity (left hand)
 T - a +4 ring of protection (right hand)
Wands
 e - a wand of flame (35)
 u - a wand of iceblast (10)
 C - a wand of polymorph (13)
 U - a wand of paralysis (13)
Scrolls
 c - a scroll of summoning {unknown}
 d - 8 scrolls of identify {unknown}
 g - a scroll of amnesia {unknown}
 h - a scroll of torment {unknown}
 i - 4 scrolls of magic mapping {unknown}
 o - a scroll of acquirement {unknown}
 r - a scroll of enchant armour {unknown}
 z - 3 scrolls of teleportation {unknown}
 G - a scroll of brand weapon {unknown}
 H - a scroll of immolation {unknown}
 I - a scroll of enchant weapon {unknown}
 O - 3 scrolls of noise {unknown}
Potions
 f - 5 potions of haste {unknown}
 k - 2 potions of ambrosia {unknown}
 l - a potion of magic {unknown}
 m - 3 potions of invisibility {unknown}
 p - 2 potions of curing {unknown}
 v - 4 potions of heal wounds {unknown}
 w - 2 potions of resistance {unknown}
 D - 2 potions of attraction {unknown}
 E - a potion of degeneration {unknown}
 J - a potion of flight {unknown}
 K - 3 potions of cancellation {unknown}
 N - 2 potions of mutation {unknown}
 S - 3 potions of brilliance {unknown}
 V - 2 potions of lignification {unknown}

Dungeon Overview and Level Annotations

Branches:
Dungeon (10/15)            Temple (1/1) D:7
   Lair: D:8-11         Orc: D:9-12

Altars:
Ashenzari
Cheibriados
Dithmenos
Fedhas
Gozag
Hepliaklqana
Kikubaaqudgha
Makhleb
Nemelex Xobeh
Okawaru
Qazlal
Ru
Sif Muna
Trog
Uskayaw
Vehumet
Wu Jian
Xom
Yredelemnul
Zin
The Shining One

... ..... ▒.. .?.....▒
.... ▒▒.. .... ▒.. ▒...
...▒▒..... ..▒... ......
.▒▒▒..). ▒....▒▒..o.....
........▒▒▒o▒▒▒
▒▒▒......▒▒K).).▒▒
▒▒..R....▒▒..▒o...▒▒
▒▒...▒...▒▒.o▒▒..▒..▒▒
▒..<.▒▒..▒..▒▒▒o.▒▒..▒
▒▒▒..▒▒▒▒.▒....o▒.▒▒▒.▒
▒.....▒▒▒.o..o.▒▒▒..).'
▒▒........▒.▒▒▒.▒.....▒
▒........▒..▒▒..▒▒▒..▒
▒.........▒▒..▒..▒▒..▒▒
▒.<.........▒▒....▒..▒▒▒


You could see 2 orc priests.


Message History

You kill the kobold!
Makhleb accepts your kill.
You hit the orc priest. You barely miss something.
The orc priest mumbles some strange prayers to Beogh against you.
Pain shoots through your body!
* * * LOW HITPOINT WARNING * * *
Something barely misses you. The orc priest completely misses you.
The kobold throws a stone.
You hear some strange, mumbled words.
Something tries to affect you, but you resist.
Unknown command.
The orc priest closely misses you. Something barely misses you.
Okay, then.
The orc priest miscasts a cantrip.
The orc priest casts a cantrip, but nothing happens.
Something hits you but does no damage. Something hits you but does no damage.
There is an open door here.
Which direction?
Something is blocking the doorway!
Something hits you.
* * * LOW HITPOINT WARNING * * *
You hear some strange, mumbled words.
Something tries to affect you, but you resist.
The orc priest mumbles some strange prayers to Beogh against you.
Beogh smites you!
You die...

Action                   |  1- 3 |  4- 6 |  7- 9 | 10-12 || total
-------------------------+-------+-------+-------+-------++-------
Melee: Dagger            |    39 |    62 |    16 |       ||   117
       Unarmed           |     3 |       |       |       ||     3
       Short sword       |    26 |       |       |       ||    26
       Mace              |    21 |     2 |       |       ||    23
       Broad axe         |       |       |       |     3 ||     3
       Hunting sling     |       |       |       |     2 ||     2
       Battleaxe         |       |       |       |    11 ||    11
 Fire: Hunting sling     |       |    75 |    85 |   109 ||   269
 Cast: Summon Small Mamm |    21 |       |       |       ||    21
       Sting             |    11 |    32 |       |       ||    43
       Poisonous Vapours |       |    41 |    85 |   133 ||   259
       Call Imp          |       |       |    10 |     2 ||    12
       Call Canine Famil |       |       |     4 |       ||     4
       Summon Ice Beast  |       |       |    14 |    17 ||    31
       Conjure Flame     |       |       |     1 |     8 ||     9
       Summon Lightning  |       |       |     1 |       ||     1
       Stone Arrow       |       |       |    26 |    75 ||   101
       Dispel Undead     |       |       |       |     2 ||     2
 Stab: Sleeping          |     1 |     2 |       |       ||     3
Armor: Robe              |    23 |    15 |    22 |     6 ||    66
       Acid dragon scale |       |       |       |    61 ||    61
Dodge: Dodged            |    73 |    62 |    73 |   159 ||   367

Levels and vault maps discovered:
D:1:      ebering_trefoil_twist, layout_basic,
          ebering_ecumenical_altar_abandoned
D:2:      kennysheep_six_static_rooms, layout_basic, grunt_ministairs_4
D:3:      layout_loops_corners, kennysheep_okawaru_gauntlet,
          hangedman_abyss_or_decor_stabs, minmay_misc_feat_chi
D:4:      kennysheep_big_flooded_room, layout_basic, lemuel_tele_altar,
          minmay_fractal_squares_5
D:5:      black_bear_nest_2, layout_basic, hangedman_glass_teeth,
          grunt_ministairs_4, st_stairs_5, nrook_uturn, serial_bayou_pond_a
D:6:      layout_basic, ebering_ghost_sewer_f, uniq_grinder
D:7:      layout_loops_ring, grunt_temple_overflow_gold_and_silver,
          minmay_temple_entry_large_hall, grunt_decor_mini_mirrors,
          minmay_misc_feat_five
D:8:      layout_loops_ring, grunt_temple_overflow_open, minmay_lizard_king,
          uniq_maggie, uniq_harold, uniq_joseph
D:9:      layout_basic, minmay_fountain_box
D:10:     minmay_the_grid_octo_tiled_octocenter [minmay_the_grid_octo_shrine,
          minmay_the_grid_octo_pinwheel, minmay_the_grid_octo_concentric,
          minmay_the_grid_octo_focus, minmay_the_grid_octo_prize_single_spiral,
          minmay_the_grid_square_5x5_almost_minimal,
          minmay_the_grid_square_5x5_detours, minmay_the_grid_square_5x5_empty,
          minmay_the_grid_square_5x5_sharp_hourglass], layout_cave_pools,
          old_standard_altar
Temple:   minmay_freezing_vapour_temple

Notes
Turn   | Place    | Note
-------+----------+-------------------------------------------
     0 | D:1      | sanka the Djinni Summoner began the quest for the Orb.
     0 | D:1      | Reached XP level 1. HP: 15/15 MP: 0/0
   417 | D:1      | Reached XP level 2. HP: 7/22 MP: 0/0
  1305 | D:1      | Reached skill level 1 in Fighting
  1372 | D:1      | Found a faded altar of an unknown god.
  1605 | D:1      | Reached XP level 3. HP: 25/27 MP: 0/0
  1605 | D:1      | Learned a level 1 spell: Sting
  1966 | D:2      | Reached skill level 3 in Dodging
  2046 | D:2      | Reached XP level 4. HP: 27/33 MP: 0/0
  2571 | D:2      | Reached skill level 2 in Fighting
  2858 | D:2      | Reached XP level 5. HP: 30/38 MP: 0/0
  2858 | D:2      | Learned a level 2 spell: Poisonous Vapours
  3661 | D:3      | Reached skill level 4 in Spellcasting
  4128 | D:3      | Reached skill level 4 in Dodging
  4229 | D:3      | Reached XP level 6. HP: 45/45 MP: 0/0
  4435 | D:3      | Found an iron altar of Okawaru.
  4955 | D:4      | Noticed a black bear
  4967 | D:4      | Killed a black bear
  4968 | D:4      | Reached skill level 3 in Fighting
  5214 | D:4      | Found a sparkling altar of Nemelex Xobeh.
  5690 | D:4      | Reached XP level 7. HP: 44/50 MP: 0/0
  5690 | D:4      | Learned a level 3 spell: Conjure Flame
  6107 | D:5      | Entered Level 5 of the Dungeon
  6107 | D:5      | Noticed a water moccasin
  6114 | D:5      | Killed a water moccasin
  6115 | D:5      | Reached skill level 4 in Fighting
  6115 | D:5      | Reached skill level 5 in Dodging
  6681 | D:5      | HP: 4/52 [ice beast (18)]
  7529 | D:5      | Reached skill level 5 in Spellcasting
  7529 | D:5      | Reached XP level 8. HP: 48/58 MP: 0/0
  7851 | D:5      | Reached skill level 5 in Fighting
  7851 | D:5      | Reached skill level 6 in Dodging
  8527 | D:6      | Found a runed translucent door.
  8535 | D:6      | Noticed mrdizzer's ghost (novice DjFE)
  8661 | D:6      | Found a runed translucent door.
  8829 | D:6      | Reached XP level 9. HP: 52/66 MP: 0/0
  8829 | D:6      | Learned a level 3 spell: Stone Arrow
  9071 | D:6      | Reached skill level 7 in Dodging
  9149 | D:6      | Reached skill level 6 in Fighting
  9206 | D:6      | Noticed Grinder
  9222 | D:6      | Killed Grinder
  9345 | D:6      | Reached skill level 6 in Spellcasting
 10686 | D:6      | Killed mrdizzer's ghost
 10687 | D:6      | Reached skill level 7 in Fighting
 10687 | D:6      | Reached skill level 8 in Dodging
 11094 | D:7      | Found a staircase to the Ecumenical Temple.
 11105 | Temple   | Entered the Ecumenical Temple
 11119 | Temple   | Became a worshipper of Makhleb the Destroyer
 11150 | D:7      | Found an opulent altar of Gozag.
 11150 | D:7      | Found a glowing silver altar of Zin.
 11488 | D:7      | Reached XP level 10. HP: 69/75 MP: 0/0
 11979 | D:7      | Reached skill level 9 in Dodging
 11979 | D:7      | Reached skill level 7 in Spellcasting
 12073 | D:7      | Reached skill level 8 in Fighting
 12756 | D:8      | Reached * piety under Makhleb
 13126 | D:8      | Identified +0 acid dragon scales
 13126 | D:8      | Noticed Maggie
 13139 | D:8      | Killed Maggie
 13362 | D:8      | Found a basalt altar of Yredelemnul.
 13364 | D:8      | Found a snail-covered altar of Cheibriados.
 13366 | D:8      | Found a hazy altar of Hepliaklqana.
 13366 | D:8      | Found a broken altar of Ashenzari.
 13379 | D:8      | Noticed a two-headed ogre
 13456 | D:8      | Killed a two-headed ogre
 13915 | D:8      | Reached skill level 10 in Dodging
 13936 | D:8      | Reached skill level 9 in Fighting
 13939 | D:8      | Reached XP level 11. HP: 35/84 MP: 0/0
 13939 | D:8      | Learned a level 4 spell: Dispel Undead
 14509 | D:8      | Noticed Joseph
 14510 | D:8      | Noticed Harold
 14747 | D:8      | Killed Harold
 14748 | D:8      | Reached skill level 8 in Spellcasting
 14916 | D:8      | Killed Joseph
 15510 | D:9      | Reached ** piety under Makhleb
 15891 | D:9      | Reached skill level 11 in Dodging
 16822 | D:10     | Entered Level 10 of the Dungeon
 16964 | D:10     | Noticed a two-headed ogre
 16966 | D:10     | Noticed an eight-headed hydra
 16972 | D:10     | Killed a two-headed ogre
 16973 | D:10     | Reached skill level 10 in Fighting
 17881 | D:9      | Killed an eight-headed hydra
 18060 | D:10     | HP: 5/85 [orc priest/nerve-wracking pain (11)]
 18071 | D:10     | HP: 6/85 [something (1)]
 18074 | D:10     | Killed from afar by an orc priest

Vanquished Creatures
  Harold (D:8)
  A two-headed ogre (D:10)
  The ghost of mrdizzer the Magician, a novice DjFE of Elyvilon (D:6)
  Maggie (D:8)
  A komodo dragon (D:8)
  14 yaks
  An acid dragon (D:9)
  A water moccasin (D:7)
  2 orc warriors
  3 black bears
  An ice beast (D:7)
  4 ogres
  A necrophage (D:7)
  2 centaurs
  A phantom (D:6)
  2 kobold brigands
  8 bullfrogs
  2 gnoll sergeants
  A scorpion (D:6)
  A wyvern skeleton (D:7)
  9 wights
  2 howler monkeys
  4 centaur zombies
  2 bullfrog zombies
  5 hounds
  5 orc priests
  3 jellies
  A centaur skeleton (D:5)
  8 iguanas
  8 orc wizards
  A killer bee zombie (D:8)
  2 hound skeletons
  A howler monkey zombie (D:9)
  8 gnolls
  12 adders
  3 worms
  A dart slug (D:1)
  29 orcs
  7 ball pythons
  7 bats
  6 endoplasms
  2 giant cockroaches
  9 goblins
  11 hobgoblins
  5 jackals
  5 quokkas
  4 frilled lizards
  15 kobolds
  3 rats
227 creatures vanquished.

Vanquished Creatures (collateral kills)
  A hydra (D:9)
  A two-headed ogre (D:8)
  Joseph (D:8)
  Grinder (D:6)
  2 water moccasins
  A hornet zombie (D:5)
  A necrophage (D:6)
  2 ice beasts (D:5)
  An orc priest (D:5)
  A bullfrog zombie (D:6)
  An orc (D:5)
  4 ball pythons (D:1)
  A giant cockroach (D:1)
  A jackal (D:1)
  A kobold (D:1)
  A quokka (D:1)
  A goblin (D:1)
  A rat (D:1)
23 creatures vanquished.

Vanquished Creatures (others)
  An orc wizard (D:9)
  7 plants (D:8)
8 creatures vanquished.

Grand Total: 258 creatures vanquished
